 Dungeon Crawl Stone Soup version 0.31-a0-1223-gfd5aef93c1 (webtiles) character file.

Game seed: 1155126157563975894

5 advertisingdisorder the Trooper (level 1, 0/16 HPs)
             Began as an Octopode Chaos Knight on Dec 14, 2023.
             Was a Plaything of Xom.
             Frozen to death by an endoplasm (4 damage)
             ... on level 1 of the Dungeon.
             The game lasted 00:00:21 (159 turns).

advertisingdisorder the Trooper (OpCK)               Turns: 159, Time: 00:00:22

Health: 0/16       AC:  1    Str: 11    XL:     1   Next: 80%
Magic:  1/1        EV: 13    Int: 14    God:    Xom [..*...]
Gold:   8          SH:  0    Dex: 11    Spells: 0/0 levels left

rFire   . . .        a - +0 falchion (chaos)
rCold   . . .        (no shield)
rNeg    . . .        (helmet restricted)
rPois   .            (no amulet)
rElec   .            (no ring)
rCorr   .            (no ring)
SInv    .            (no ring)
Will    .....        (no ring)
Stlth   ++           (no ring)
HPRegen 0.22/turn    (no ring)
MPRegen 0.07/turn    (no ring)
                     (no ring)

%: no passive effects
@: no status effects
A: almost no armour, amphibious, 8 rings, camouflage 1, gelatinous body 1,
(nimble swimmer 1), tentacles
a: Renounce Religion


You were on level 1 of the Dungeon.
You worshipped Xom.
You were a toy of Xom.
You visited 1 branch of the dungeon, and saw 1 of its levels.

You collected 8 gold pieces.

Inventory:

Hand Weapons
 a - a +0 falchion of chaos (weapon)
Scrolls
 b - a scroll of butterflies
Potions
 c - a potion of curing {unknown}
 d - a potion of magic {unknown}
 e - a potion of heal wounds {unknown}


   Skills:
 * Level 3.2 Fighting
 * Level 3.1 Long Blades
 - Level 2.3 Dodging


You couldn't memorise any spells.
You didn't know any spells.
Your spell library was empty.

Dungeon Overview and Level Annotations

Branches:
Dungeon (1/15)

Altars:


Innate Abilities, Weirdness & Mutations

You cannot wear most types of armour.
You are amphibious.
You can wear up to eight rings at the same time.
Your skin changes colour to match your surroundings (Stealth+).
Your rubbery body absorbs attacks. (AC +1, EV +1)
((You are camouflaged when in or above water. (Stealth+)))
You have tentacles for arms and can constrict up to eight enemies at once.


Message History

Found a metallic cyan potion.
The endoplasm quivers.
A rat comes into view.
The rat squeaks loudly.
The endoplasm quivers.
The endoplasm hits you but does no damage.
There is an escape hatch in the floor here.
You hit the endoplasm but do no damage. You squeeze the endoplasm.
You kill the endoplasm!
A ball python comes into view.
Found a ring mail and Plato's Teachings on Hexes.
Found a faded altar of an unknown god.
The endoplasm freezes you.
You are frozen.
You barely miss the endoplasm. The endoplasm freezes you.
You are frozen.
You are too injured to fight recklessly!
You are too injured to fight recklessly!
You are too injured to fight recklessly!
You are too injured to fight recklessly!
You are too injured to fight recklessly!
You are too injured to fight recklessly!
There are monsters nearby!
There are monsters nearby!
Unknown command.
The ball python is caught in a web!
The ball python struggles to get unstuck from the web.
The endoplasm attacks as it pursues you!
The endoplasm hits you.
The ball python pulls away from the web.
The endoplasm attacks as it pursues you!
The endoplasm hits you.
* * * LOW HITPOINT WARNING * * *
You hit the endoplasm.
The endoplasm appears confused.
The endoplasm seems less confused.
The endoplasm freezes you.
You are frozen.
You die... "Boring in life, boring in death..."

#.###### ###########
##.##...####..........
###...#.........########
##...#.....####.##
##.!....##....(...#
##......###.######.#
#.......###.# #.#
#.........##.## #.#
.........rJ@..# #.# ####
#.......>.###.......).......
.........$# #.#####.########
)##^.....# #.# #.....##...
... .##... ...#[# #.# ..^.!
.... # #.# .##S.. ..### #.#
P.. ....


You could see an endoplasm and a rat.

Vanquished Creatures
  3 endoplasms (D:1)
  A goblin (D:1)
4 creatures vanquished.

Notes
Turn   | Place    | Note
-------+----------+-------------------------------------------
     0 | D:1      | advertisingdisorder the Octopode Chaos Knight began the
                  | quest for the Orb.
     0 | D:1      | Reached XP level 1. HP: 16/16 MP: 1/1
   154 | D:1      | Found a faded altar of an unknown god.
   159 | D:1      | Frozen to death by an endoplasm

Illustrated notes

Levels and vault maps discovered:
D:1:      matt_arrival_refuge, layout_loops_ring,
          shapermc_ecumenical_altar_rom_forum

Action                     || total
---------------------------++-------
  Melee: Falchion          ||     8
         Tentacles         ||     1
   Stab: Sleeping          ||     1
 Armour: Skin              ||     4
  Dodge: Dodged            ||     1

Table legend: (Time is in decaauts)
 A = Elapsed time spent in this place.
 B = Non-inter-level travel time spent in this place.
 C = Inter-level travel time spent in this place.
 D = Time resting spent in this place.
 E = Time spent auto-exploring this place.
 F = Levels seen in this place.
 G = Mean time per level.
                   A        B        C        D        E       F      G
               +--------+--------+--------+--------+--------+-----+--------+
         Total |    159 |    159 |      0 |      0 |    121 |   1 |  159.0 |
       Dungeon |    159 |    159 |      0 |      0 |    121 |   1 |  159.0 |
               +--------+--------+--------+--------+--------+-----+--------+

Top non-repeatable levels by time:
     D:1: 159 daAuts
